 Dungeon Crawl Stone Soup version 0.31-a0-702-gf82c85558f (webtiles) character file.

Game seed: 17131493106287343865

2384 qw the Skirmisher (level 9, 0/57 HPs)
             Began as a Gargoyle Hunter on Sept 7, 2023.
             Slain by an orc warrior
             ... wielding a +0 mace
              (1 damage)
             ... on level 6 of the Dungeon.
             The game lasted 00:01:57 (5237 turns).

qw the Skirmisher (Gargoyle Hunter)                 Turns: 5237, Time: 00:01:58

Health: 0/57       AC: 16    Str: 14    XL:     9   Next: 45%
Magic:  9/9        EV: 11    Int: 11    God:
Gold:   135        SH:  0    Dex: 17    Spells: 8/8 levels left

rFire   . . .        r - +2 orcbow (flame)
rCold   . . .        (shield currently unavailable)
rNeg    + . .        f - +3 ring mail
rPois   inf          (no helmet)
rElec   +            (no cloak)
rCorr   .            h - +0 pair of gloves
SInv    .            (no boots)
Will    .....        (no amulet)
Stlth   +            (no ring)
HPRegen 0.29/turn    (no ring)
MPRegen 0.11/turn

%: no passive effects
@: no status effects
A: sickness immunity, AC +6, negative energy resistance 1, electricity
resistance, torment resistance 1, petrification resistance, talons 1, subdued
magic 1
a: no special abilities


You were on level 6 of the Dungeon.
You visited 2 branches of the dungeon, and saw 8 of its levels.

You collected 135 gold pieces.


Innate Abilities, Weirdness & Mutations

You are immune to sickness and miasma.
Your stone body is resilient. (AC +6)
You are immune to poison.
You resist negative energy. (rN+)
You are resistant to electric shocks. (rElec)
You are resistant to unholy torment.
You are immune to petrification.
You have sharp toenails.
Your spells are a little easier to cast, but a little less powerful.


   Skills:
 - Level 7.1 Fighting
 - Level 11.0 Ranged Weapons
 - Level 2.6 Armour
 + Level 2.3 Dodging
 - Level 1.1 Stealth


You had 8 spell levels left.
You didn't know any spells.
Your spell library was empty.

Inventory:

Hand Weapons
 r - a +2 orcbow of flaming (weapon)
Armour
 f - a +3 ring mail (worn)
 h - a +0 pair of gloves (worn)
Jewellery
 m - a ring of fire
 o - the ring of Light {rF+ rN+ Int+2}
   (You found it on level 6 of the Dungeon)

   [ring of protection from fire]

   Int+2:     It affects your intelligence (+2).
   rF+:       It protects you from fire.
   rN+:       It protects you from negative energy.
Scrolls
 q - 2 scrolls of identify
Potions
 a - a potion of heal wounds {unknown}
 b - a potion of lignification {unknown}
 c - a potion of haste {unknown}
 d - a potion of mutation
 e - a potion of curing
 g - a potion of experience {unknown}
 i - a potion of degeneration {unknown}
 j - a potion of berserk rage {unknown}
 k - a potion of cancellation {unknown}
 l - a potion of attraction {unknown}
 n - a potion of brilliance {unknown}
 p - a potion of invisibility {unknown}

Dungeon Overview and Level Annotations

Branches:
Dungeon (7/15)             Temple (1/1) D:5

Altars:
Ashenzari
Cheibriados
Dithmenos
Fedhas
Gozag
Hepliaklqana
Makhleb
Nemelex Xobeh
Qazlal
Ru
Trog
Uskayaw
Vehumet
Wu Jian
Xom
Yredelemnul
The Shining One

Shops:
D:4 *

Annotations:
D:5 4 runed translucent doors


Message History

Beogh smites you!
The orc warrior hits you but does no damage.
You shoot an arrow.
The arrow closely misses the orc priest.
The orc priest casts a cantrip, but nothing happens.
The orc warrior hits you with a +0 mace.
You shoot an arrow. The arrow hits the orc priest.
The arrow burns the orc priest.
You kill the orc priest!
The orc warrior closely misses you.
You shoot an arrow. The arrow hits the orc warrior!
The arrow burns the orc warrior.
The orc warrior is moderately wounded.
The orc warrior hits you but does no damage.
You shoot an arrow. The arrow hits the orc warrior.
The arrow burns the orc warrior.
The orc warrior is heavily wounded.
The orc warrior hits you but does no damage.
You shoot an arrow.
The arrow hits the orc warrior but does no damage.
The orc warrior is heavily wounded.
The orc warrior hits you with a +0 mace!
You shoot an arrow.
The arrow barely misses the orc warrior.
You shoot an arrow.
The arrow hits the orc warrior but does no damage.
The orc warrior is heavily wounded.
The orc warrior hits you with a +0 mace!
You shoot an arrow. The arrow hits the orc warrior.
The arrow burns the orc warrior.
The orc warrior is heavily wounded.
The orc barely misses you.
The orc warrior hits you with a +0 mace.
You shoot an arrow.
The arrow barely misses the orc warrior.
The orc barely misses you.
The orc warrior hits you with a +0 mace!
The orc hits you but does no damage.
The orc warrior hits you with a +0 mace.
You die...

.>......####...#.#
.......## ##.##.#
.###..## ####.# ..
#.## #.# #..###
#.# .## #.# #.#
#.# #@# .....ooo#
#########


You could see an orc warrior and 2 orcs.

Vanquished Creatures
  A hornet (D:5)
  Grinder (D:3)
  A yak (D:5)
  Sigmund (D:3)
  Eustachio (D:4)
  A steam dragon (D:6)
  An ice beast (D:6)
  A black bear (D:5)
  4 ogres
  2 centaurs (D:5)
  A kobold brigand (D:6)
  A bullfrog (D:6)
  2 scorpions
  2 howler monkeys
  An orc priest (D:6)
  2 hounds
  A sleepcap (D:4)
  An iguana (D:5)
  Terence (D:3)
  3 gnolls (D:4)
  8 adders
  A white imp (D:5)
  3 ufetubi
  A worm (D:4)
  3 dart slugs
  11 orcs
  4 bats
  6 endoplasms
  A giant cockroach (D:4)
  10 goblins
  8 hobgoblins
  5 jackals
  11 kobolds
  3 quokkas
  5 ball pythons
  4 frilled lizards
  6 rats
119 creatures vanquished.

Notes
Turn   | Place    | Note
-------+----------+-------------------------------------------
     0 | D:1      | qw the Gargoyle Hunter began the quest for the Orb.
     0 | D:1      | Reached XP level 1. HP: 12/12 MP: 1/1
     0 | D:1      | 0 ||| qw: Version: 0.3-a-76-g4403597
     0 | D:1      | 0 ||| qw: Game counter: 926
     0 | D:1      | 0 ||| qw: Melee chars always use a shield: true
     0 | D:1      | 0 ||| qw: God list: Okawaru
     0 | D:1      | 0 ||| qw: Allow faded altars: false
     0 | D:1      | 0 ||| qw: Do Orc after clearing Dungeon:15 true
     0 | D:1      | 0 ||| qw: Do second Lair branch before Depths: true
     0 | D:1      | 0 ||| qw: Lair rune preference: random
     0 | D:1      | 0 ||| qw: Goals: Normal
     0 | D:1      | 0 ||| PLANNING D:1-11
   156 | D:1      | Reached XP level 2. HP: 17/17 MP: 2/2
   156 | D:1      | Found a faded altar of an unknown god.
   788 | D:1      | Reached XP level 3. HP: 21/21 MP: 3/3
   793 | D:1      | 793 ||| UPGRADING to +3 ring mail.
   803 | D:1      | 803 ||| DROPPING +0 leather armour.
   804 | D:1      | 804 ||| DROPPING ring of wizardry.
   805 | D:1      | 805 ||| READING scroll labelled LIUSHR NAUZEMM.
   806 | D:1      | 806 ||| READING scroll labelled TIMAOMOQIO.
   807 | D:1      | 807 ||| READING scroll labelled NOZIUJ BOMUTH.
   808 | D:1      | 808 ||| READING scroll labelled WAHEAL KAJOACA.
   813 | D:1      | 813 ||| DROPPING scroll of butterflies.
   905 | D:2      | Reached skill level 1 in Armour
  1050 | D:2      | Reached skill level 5 in Ranged Weapons
  1399 | D:2      | Reached XP level 4. HP: 27/27 MP: 4/4
  1516 | D:2      | Reached skill level 3 in Fighting
  1541 | D:2      | 1541 ||| READING scroll labelled UTOHATHREATA.
  1542 | D:2      | 1542 ||| DRINKING 2 sedimented dark potions.
  1542 | D:2      | Gained mutation: You have sharp toenails. [potion of
                  | mutation]
  1542 | D:2      | Gained mutation: Your spells are a little easier to cast,
                  | but a little less powerful. [potion of mutation]
  1575 | D:3      | Noticed Terence
  1590 | D:3      | Killed Terence
  1591 | D:3      | 1591 ||| STAIRDANCE
  1682 | D:3      | Found a hazy altar of Hepliaklqana.
  1773 | D:3      | Noticed Grinder
  1785 | D:3      | Paralysed by Grinder for 3 turns
  1794 | D:3      | Paralysed by Grinder for 3 turns
  1801 | D:3      | Killed Grinder
  1802 | D:3      | Reached skill level 7 in Ranged Weapons
  1802 | D:3      | Reached XP level 5. HP: 13/32 MP: 5/5
  1802 | D:3      | Reached XP level 6. HP: 15/37 MP: 6/6
  2367 | D:3      | Noticed Sigmund
  2371 | D:3      | Killed Sigmund
  2372 | D:3      | Reached XP level 7. HP: 44/44 MP: 7/7
  2445 | D:3      | 2445 ||| DRINKING 2 green potions.
  2529 | D:4      | Found a glowing golden altar of the Shining One.
  2711 | D:4      | 2711 ||| READING scroll of enchant weapon.
  2711 | D:4      | 2711 ||| ENCHANTING +1 shortbow.
  2826 | D:4      | Found Hoamnan's Overcharged Wands.
  2837 | D:4      | 2837 ||| SHOPLISTING wand of digging (11) (693 gold, have
                  | 54).
  2872 | D:4      | You fall into a shaft and drop 3 floors!
  2877 | D:7      | 2877 ||| UPGRADING to +0 pair of gloves.
  2882 | D:7      | 2882 ||| READING scroll labelled TEDIPT DYEXKA.
  2898 | D:5      | Entered Level 5 of the Dungeon
  3106 | D:4      | Noticed Eustachio
  3122 | D:4      | 3122 ||| RETREATING.
  3123 | D:4      | Killed Eustachio
  3124 | D:4      | Reached skill level 8 in Ranged Weapons
  3141 | D:4      | Reached XP level 8. HP: 45/49 MP: 8/8
  3321 | D:5      | Found a stormy altar of Qazlal.
  3408 | D:5      | Found a large runed translucent door.
  3409 | D:5      | Found a large runed translucent door.
  3411 | D:5      | Noticed a kobold demonologist
  3435 | D:5      | Found a large runed translucent door.
  3435 | D:5      | Found a large runed translucent door.
  3729 | D:5      | 3729 ||| SWAPPING to +0 orcbow.
  3733 | D:5      | 3733 ||| DROPPING +2 shortbow.
  3744 | D:5      | Noticed a hornet
  3755 | D:5      | Killed a hornet
  3756 | D:5      | Reached skill level 9 in Ranged Weapons
  3890 | D:5      | Reached skill level 6 in Fighting
  3890 | D:5      | Found a staircase to the Ecumenical Temple.
  3891 | D:5      | 3891 ||| PLANNING TEMPLE
  3899 | Temple   | Entered the Ecumenical Temple
  3900 | Temple   | 3900 ||| PLANNING D:1-11
  4355 | D:5      | Reached skill level 10 in Ranged Weapons
  4406 | D:5      | Noticed a yak
  4416 | D:5      | Killed a yak
  4417 | D:5      | Reached XP level 9. HP: 47/56 MP: 9/9
  4477 | D:5      | 4477 ||| SWAPPING to +2 orcbow of flaming.
  4478 | D:5      | 4478 ||| DROPPING +0 orcbow.
  4720 | D:6      | Identified the ring of Light {rF+ rN+ Int+2}
  4821 | D:6      | 4821 ||| Stepping ~*~*~tactically~*~*~ (outnumbered).
  4923 | D:6      | HP: 12/57 [steam dragon/ball of steam (14)]
  4926 | D:6      | HP: 4/57 [something (8)]
  4927 | D:6      | Reached skill level 11 in Ranged Weapons
  5173 | D:6      | Found a sacrificial altar of Ru.
  5236 | D:6      | HP: 9/57 [orc warrior/+0 mace (6)]
  5237 | D:6      | HP: 1/57 [orc warrior/+0 mace (9)]
  5237 | D:6      | Slain by an orc warrior

Levels and vault maps discovered:
D:1:      eino_arrival_cavern_e, layout_loops_ring,
          hellmonk_ecumenical_altar_zigzags
D:2:      layout_basic
D:3:      layout_basic, mainiacjoe_overflow_brackets, columned_hall_lemuel,
          uniq_terence, uniq_grinder, uniq_sigmund
D:4:      layout_basic, kennysheep_mini, serial_glass, glass_columns_a,
          glass_columns_a, nicolae_shop_overcharged_wands, uniq_eustachio
D:5:      layout_basic, mainiacjoe_overflow_24_doors,
          minmay_temple_entry_junction, minmay_hollow_rounded_squares
D:6:      layout_loops_corners, mainiacjoe_overflow_alcove_3
D:7:      layout_cave_pools, elyvilon_altar_4, dk_rats_in_the_wall,
          uniq_crazy_yiuf_cottage
Temple:   nicolae_temple_figure_eight

Skill      XL: |  1  2  3  4  5  6  7  8  9 |
---------------+----------------------------+-----
Armour         | 1 2 |  2.6
Ranged Weapons | 5 7 8 10 11 | 11.0
Fighting       | 3 4 5 6 7 |  7.1
Dodging        | 2 |  2.3
Stealth        | |  1.1

Action                     |  1- 3 |  4- 6 |  7- 9 || total
---------------------------+-------+-------+-------++-------
   Fire: Shortbow          |   127 |   101 |   124 ||   352
         Orcbow            |       |       |   159 ||   159
    Use: Scroll            |     4 |     1 |     2 ||     7
         Potion            |       |     1 |     1 ||     2
 Armour: Leather armour    |    16 |       |       ||    16
         Ring mail         |    19 |    30 |   123 ||   172
  Dodge: Dodged            |    41 |    11 |    95 ||   147

Table legend:
 A = Non-vault XP
 B = Vault XP
 C = Vault XP percentage of total XP
 D = Non-vault monster count
 E = Vault monster count
 F = Vault count percentage of total count
                 A         B        C        D         E       F
            +---------+---------+-------+---------+---------+-------
      Total |    1870 |    1537 |  45.1 |     107 |      12 |  10.1
            +---------+---------+-------+---------+---------+-------
        D:1 |      34 |       0 |   0.0 |      19 |       0 |   0.0
        D:2 |      52 |       0 |   0.0 |      25 |       0 |   0.0
        D:3 |      66 |     532 |  89.0 |      18 |       3 |  14.3
        D:4 |     344 |     202 |  37.0 |      21 |       1 |   4.5
        D:5 |     582 |     803 |  58.0 |       9 |       8 |  47.1
        D:6 |     792 |       0 |   0.0 |      15 |       0 |   0.0
            +---------+---------+-------+---------+---------+-------
